Map: Ever Dream LE

Players

LiquidClem (Clem)

  • Race: Terran Terran
  • Spawn Location: 7:00

Stats - Winner!

  • Race: Protoss Protoss
  • Spawn Location: 1:00

Event: StayAtHomestory Cup #2

VOD

Have the link to the VOD?

Description

Time

  • Played on: June 13, 2020, 11:29 a.m.
  • Length: 12:41

All games in this series

Show
View Real Time Build Order
Export as new Build Order

LiquidClem Terran 

Build Orders: Reaper Expand 

Get SALT Encoding   

  12  0:00  SCV  
  13  0:12  SCV  
  14  0:16  Supply Depot  
  14  0:25  SCV  
  15  0:38  SCV  
  15  0:40  Barracks  
  16  0:43  Refinery  
  16  0:50  SCV  
  17  1:02  SCV  
  18  1:16  SCV  
  19  1:27  Reaper  
  19  1:28  Orbital Command  
  20  1:44  Command Center  
  20  1:50  Supply Depot  
  20  1:53  SCV  
  21  1:59  Marine  
  22  2:05  SCV  
  23  2:09  Factory  
  23  2:16  Bunker  
  23  2:19  SCV  
  23  2:21  Barracks Reactor  
  24  2:31  SCV  
  24  2:33  Barracks  
  25  2:43  SCV  
  26  2:51  Refinery  
  26  2:55  SCV  
  26  2:56  Orbital Command  
  26  3:06  Barracks Tech Lab  
  26  3:07  SCV  
  26  3:12  Hellion  
  31  3:13  Hellion  
  31  3:19  SCV  
  32  3:22  SCV  
  32  3:27  Supply Depot, Stimpack, Marine  
  33  3:31  SCV  
  35  3:34  SCV  
  35  3:38  Marine x2  
  38  3:43  SCV  
  38  3:46  Starport  
  38  3:48  Factory Reactor, Marauder  
  41  3:49  SCV  
  42  3:55  SCV  
  42  3:57  Engineering Bay, Marine x2  
  45  4:03  SCV  
  45  4:07  SCV  
  46  4:13  Marauder  
  46  4:15  Marine x2  
  46  4:16  SCV, Supply Depot  
  49  4:20  SCV  
  50  4:24  Barracks  
  50  4:27  Terran Infantry Weapons Level 1  
  50  4:30  Refinery  
  50  4:31  SCV  
  51  4:35  Marauder  
  53  4:39  Marine x2  
  53  4:42  SCV  
  56  4:45  SCV, Supply Depot  
  56  4:49  Factory Reactor  
  57  4:56  Marauder  
  57  4:57  Marine x2  
  57  4:58  SCV  
  62  5:06  Supply Depot  
  62  5:07  SCV, Medivac x2  
  62  5:11  SCV  
  64  5:18  Marine x2  
  64  5:19  Marauder  
  68  5:22  SCV  
  68  5:23  Supply Depot, Refinery  
  68  5:24  SCV  
  68  5:27  Combat Shield  
  70  5:32  Supply Depot  
  70  5:34  SCV, Barracks Tech Lab  
  71  5:37  Marine x2  
  71  5:39  SCV  
  71  5:40  Marauder  
  75  5:49  Supply Depot, Widow Mine x2  
  76  5:52  Medivac  
  76  5:55  Marine x2  
  76  5:56  Marauder  
  82  5:57  SCV  
  82  6:02  Marauder  
  83  6:04  Medivac  
  83  6:07  Command Center  
  85  6:13  Marine x2, Widow Mine x2  
  85  6:16  Supply Depot  
  90  6:19  Marauder  
  90  6:22  Concussive Shells  
  90  6:23  Marauder  
  94  6:28  Medivac, Supply Depot  
  96  6:34  Marine x2, Widow Mine  
  96  6:38  Supply Depot, Terran Infantry Armor Level 1  
  100  6:42  Widow Mine  
  100  6:43  Medivac  
  100  6:47  Marauder  
  106  6:53  Barracks  
  106  6:56  Barracks  
  106  7:02  Marine x2  
  106  7:04  Marauder  
  106  7:05  Supply Depot  
  106  7:07  Widow Mine  
  112  7:10  Medivac  
  112  7:12  Marauder  
  112  7:15  SCV  
  115  7:18  Widow Mine  
  115  7:22  Medivac  
  110  7:23  Marine x2  
  110  7:26  Marauder  
  111  7:30  SCV  
  111  7:33  Marauder, Widow Mine  
  108  7:37  SCV  
  108  7:41  Widow Mine  
  108  7:42  Marine x2  
  107  7:44  Barracks Reactor, Barracks Tech Lab  
  107  7:47  Marauder  
  107  7:50  Liberator  
  109  7:51  Orbital Command  
  109  7:55  Marauder  
  111  8:00  SCV x2, Marine  
  111  8:02  Marine  
  111  8:03  Widow Mine x2  
  111  8:04  Medivac  
  119  8:09  Marauder  
  122  8:12  SCV x2  
  122  8:13  Marauder  
  122  8:16  Ghost Academy  
  121  8:20  Marine x2  
  121  8:21  SCV  
  121  8:22  Marauder  
  121  8:25  SCV x2  
  124  8:27  Marine x2, Widow Mine x2  
  124  8:31  Supply Depot  
  124  8:33  SCV  
  131  8:38  SCV, Marine  
  133  8:44  SCV, Armory  
  133  8:46  Engineering Bay, Marine x4  
  138  8:49  SCV  
  138  8:53  SCV  
  138  8:54  Supply Depot  
  140  8:57  Widow Mine x2  
  140  8:58  Liberator  
  140  9:00  Liberator  
  140  9:01  Marine  
  151  9:03  SCV x2  
  151  9:06  Supply Depot  
  151  9:09  Marine x3  
  154  9:10  Marine  
  154  9:11  SCV  
  154  9:12  Supply Depot  
  156  9:19  SCV  
  156  9:22  Command Center  
  157  9:28  SCV x2, Supply Depot, Marine x4  
  163  9:34  Refinery, Marauder  
  163  9:37  Marauder  
  164  9:39  Terran Infantry Armor Level 2, Terran Infantry Weapons Level 2  
  164  9:43  SCV  
  164  9:44  Refinery  
  165  9:46  SCV, Marine  
  165  9:51  Ghost  
  165  9:52  Marine x3  
  168  10:01  Marauder x2  
  168  10:02  SCV, Supply Depot  
  173  10:10  Barracks  
  173  10:12  Barracks  
  173  10:14  SCV x3  
  175  10:15  Marine  
  175  10:20  Marauder, Marine  
  163  10:24  Factory Tech Lab  
  163  10:26  SCV  
  163  10:27  Marauder, Marine  
  150  10:29  Marine  
  150  10:31  SCV  
  150  10:33  Marine  
  128  10:36  Marine  
  117  10:43  SCV x3  
  110  10:52  Marine  
  110  10:53  Marauder  
  110  10:55  Marine  
  105  10:58  SCV x2  
  105  10:59  Marine x2  
  105  11:00  Marauder  
  105  11:02  Marine  
  107  11:06  SCV x2  
  101  11:13  Siege Tank  
  96  11:19  SCV  
  96  11:22  Marine  
  96  11:23  Marine  
  96  11:32  SCV  
  97  11:36  SCV x2  
  99  11:40  Orbital Command  
  99  11:42  Ghost  
  99  11:44  SCV  
  98  11:47  Ghost  
  98  11:50  SCV x2  
  98  11:56  SCV  
  98  12:01  Marine  
  100  12:02  SCV  
  100  12:05  Marine  
  100  12:06  SCV  
  100  12:08  SCV  
  104  12:11  Marauder  
  106  12:17  Marauder  
  106  12:19  Marauder  
  106  12:20  SCV  
Show
View Real Time Build Order
Export as new Build Order

Stats Protoss - Winner!

Build Orders: 1 Gate Expand, Blink Stalkers 

Get SALT Encoding   

  12  0:00  Probe  
  13  0:13  Probe  
  14  0:18  Pylon  
  14  0:23  Probe  
  15  0:32  Probe  
  15  0:37  Gateway  
  15  0:40  Probe  
  16  0:46  Assimilator  
  17  0:51  Probe  
  18  1:03  Probe  
  19  1:15  Probe  
  20  1:24  Cybernetics Core  
  20  1:32  Nexus  
  20  1:35  Probe  
  21  1:42  Pylon  
  21  1:47  Assimilator  
  21  1:49  Probe  
  21  1:50  Adept  
  24  2:01  Probe  
  24  2:05  Shield Battery  
  24  2:08  Warp Gate  
  25  2:11  Stalker  
  25  2:13  Probe  
  28  2:29  Probe  
  29  2:33  Twilight Council  
  29  2:41  Probe  
  29  2:42  Probe  
  31  2:52  Probe  
  31  2:53  Probe  
  31  2:58  Robotics Facility  
  33  3:03  Probe, Blink  
  33  3:05  Probe  
  35  3:15  Probe  
  35  3:17  Probe  
  37  3:23  Gateway  
  37  3:27  Gateway  
  37  3:28  Probe  
  37  3:33  Probe  
  39  3:37  Pylon  
  39  3:40  Probe, Observer  
  40  3:45  Probe  
  42  3:52  Probe  
  42  3:54  Pylon  
  43  3:56  Stalker  
  43  3:59  Probe  
  46  4:04  Probe  
  47  4:11  Probe  
  47  4:16  Probe  
  49  4:20  Stalker x2  
  49  4:23  Observer  
  54  4:24  Stalker  
  56  4:33  Nexus  
  56  4:35  Pylon, Assimilator, Observer  
  56  4:37  Forge  
  56  4:39  Probe x2  
  58  4:48  Stalker x2, Charge  
  58  4:51  Pylon  
  62  4:57  Observer  
  62  4:59  Probe x2  
  64  5:00  Protoss Ground Weapons Level 1  
  62  5:20  Probe x2  
  64  5:24  Gateway  
  64  5:26  Gateway  
  64  5:29  Gateway  
  64  5:31  Gateway  
  64  5:32  Probe x2, Sentry  
  64  5:33  Gateway  
  66  5:37  Zealot  
  66  5:38  Stalker  
  66  5:40  Shield Battery  
  70  5:50  Immortal  
  66  5:57  Stalker  
  66  5:59  Stalker  
  72  6:07  Zealot  
  72  6:08  Probe x2  
  72  6:09  Probe  
  77  6:19  Warp Prism  
  77  6:20  Probe, Stalker x2  
  77  6:21  Probe x2  
  86  6:37  Pylon  
  86  6:39  Stalker x2, Pylon  
  90  6:40  Zealot  
  90  6:46  Pylon  
  92  6:47  Pylon  
  92  6:57  Immortal  
  92  6:58  Zealot x4, Protoss Ground Armor Level 1  
  92  7:01  Stalker  
  106  7:12  Observer  
  106  7:14  Probe x3  
  101  7:20  Zealot x5  
  101  7:21  Zealot  
  103  7:25  Zealot x2  
  103  7:27  Probe  
  94  7:38  Probe x2  
  94  7:39  Probe  
  94  7:43  Stalker x3  
  97  7:50  Zealot x2  
  97  7:51  Zealot  
  101  7:52  Sentry x2  
  105  7:58  Probe  
  105  7:59  Probe  
  107  8:15  Assimilator  
  107  8:17  Templar Archives  
  107  8:19  Probe x3, Assimilator  
  108  8:28  Observer  
  108  8:33  Zealot x5  
  108  8:34  Zealot x3  
  122  8:36  Psionic Storm  
  122  8:39  Probe x3  
  125  8:44  Pylon  
  125  8:45  Pylon x2  
  125  8:54  Observer  
  125  8:57  Protoss Ground Weapons Level 2  
  125  9:17  High Templar x2  
  125  9:19  Zealot x2, High Templar  
  125  9:20  Warp Prism, Zealot x3  
  140  9:42  High Templar  
  138  9:46  Pylon  
  138  9:48  Pylon  
  138  9:50  Pylon  
  132  10:01  Zealot  
  132  10:02  Zealot x6  
  122  10:22  Zealot x2  
  122  10:23  Zealot x6  
  122  10:24  Immortal  
  122  10:26  Archon x2  
  108  10:43  Zealot x8  
  120  10:54  Robotics Bay  
  120  10:55  Robotics Facility  
  120  10:56  Assimilator  
  112  10:57  Probe x3, Immortal  
  119  11:08  High Templar x3  
  119  11:09  Zealot x3, High Templar  
  121  11:13  Observer  
  117  11:29  Probe x2, Observer  
  117  11:30  Probe  
  117  11:31  Stalker x2  
  117  11:32  Stalker  
  121  11:47  Zealot x5  
  131  11:59  Sentry x2, Zealot  
  142  12:15  Zealot  
  144  12:23  Nexus  
  140  12:32  Archon  
  140  12:35  Zealot x2  
  140  12:36  Zealot x4  
Tags
 
Add a new tag
Caveats
  • Supply blocks, unpowered buildings, or Contaminate may cause inaccurate times.
  • Supply counts are checked every 10 seconds.